 Dungeon Crawl Stone Soup version 0.24-a0-203-gf0bc1e94ae (webtiles) character file.

Game seed: 13939803975878183220

46 Esekla the Charmwright (level 3, -4/27 HPs)
             Began as a Vampire Skald on Mar 26, 2019.
             Slain by an adder (5 damage)
             ... on level 2 of the Dungeon.
             The game lasted 00:10:32 (1202 turns).

Esekla the Charmwright (Vampire Skald)              Turns: 1202, Time: 00:10:35

Health: -4/27      AC:  4    Str: 10    XL:     3   Next: 44%
Magic:  6/6        EV: 12    Int: 15    God:
Gold:   113        SH:  0    Dex: 14    Spells: 1/6 levels left

rFire    . . .     SeeInvis +   a - +0 falchion
rCold    . . .     Gourm    .   (no shield)
rNeg     + . .     Faith    .   b - +0 leather armour
rPois    .         Spirit   .   (no helmet)
rElec    .         Reflect  .   c - +0 cloak
rCorr    +         Harm     .   (no gloves)
MR       .....                  (no boots)
Stlth    +.........             (no amulet)
HPRegen  0.09/turn              n - ring of resist corrosion
MPRegen  0.10/turn              (no ring)

@: lethally poisoned (-4 -> -19)
A: fangs 3, see invisible, unbreathing
a: Bat Form


You were on level 2 of the Dungeon.
You were not thirsty.

You visited 1 branch of the dungeon, and saw 2 of its levels.

You collected 113 gold pieces.

Inventory:

Hand Weapons
 a - a +0 falchion (weapon)
 e - a +0 dagger
Armour
 b - a +0 leather armour (worn)
 c - a +0 cloak (worn)
Jewellery
 n - a ring of resist corrosion (left hand)
Scrolls
 f - 2 scrolls of remove curse {unknown}
 h - 2 scrolls of teleportation {unknown}
 j - 2 scrolls of blinking {unknown}
 k - a scroll of magic mapping {unknown}
 o - 4 scrolls of identify {unknown}
Potions
 d - 19 potions of blood
 g - a potion of brilliance {unknown}
 i - a potion of haste {unknown}
 l - a potion of heal wounds {unknown}
 m - 3 potions of flight {unknown}


   Skills:
 - Level 2.2 Fighting
 * Level 2.9 Long Blades
 + Level 1.5 Armour
 + Level 2.4 Dodging
 - Level 2.0 Spellcasting
 - Level 3.2 Charms


You had one spell level left.
You knew the following spells:

 Your Spells              Type           Power        Failure   Level  Hunger
a - Infusion              Chrm           ##..         8%          1    #......
b - Shroud of Golubria    Chrm/Tloc      #.........   22%         2    ###....
c - Song of Slaying       Chrm           ##......     12%         2    ###....

Your spell library contained the following spells:

 Spells                   Type           Power        Failure   Level  Hunger
 Regeneration             Chrm/Necr      #.........   41%         3    ###....
 Spectral Weapon          Hex/Chrm       #.......     41%         3    ###....


Dungeon Overview and Level Annotations

Branches:
Dungeon (2/15)

Altars:


Innate Abilities, Weirdness & Mutations

You have razor-sharp teeth.
You have supernaturally acute eyesight. (SInv)
You can survive without breathing.


Message History

You barely miss the adder.
The adder is heavily wounded.
You feel sick. The adder bites you.
You are lethally poisoned!
The adder poisons you!
You hit the adder.
The adder is severely wounded.
You feel sick. The adder bites you. x2
Your leather armour prevents you from hitting the adder.
The adder is severely wounded.
You feel sick. The adder bites you.
* * * LOW HITPOINT WARNING * * *
You hit the adder but do no damage. Your bite misses the adder.
The adder is severely wounded.
* * * LOW HITPOINT WARNING * * *
You feel sick. The adder bites you.
* * * LOW HITPOINT WARNING * * *
You are more poisoned.
The adder poisons you! The adder bites you.
You die...

#........#.##.........
##########..#.....###.
##.#.........
#...####.... ##########
##..##...### #..?.....#
##..##...##. #........#
#..>...#.##. #........###
#.###..%..#. #....?.<@S.#
#.#...##..##
########.......##........
#.#.........##.#.#
....%####......#.# ...#.#
#.####.#.# #...#.# #.
#.... .!... # .. .....
#.#.. ##..# #...


You could see an adder.

Vanquished Creatures
  An adder (D:2)
  2 dart slugs
  2 leopard geckos (D:2)
  A giant cockroach (D:2)
  3 hobgoblins
  2 jackals
  A ball python (D:1)
  8 bats (D:1)
  A frilled lizard (D:1)
  2 goblins
  4 kobolds
  6 rats
33 creatures vanquished.

Notes
Turn   | Place    | Note
-------+----------+-------------------------------------------
     0 | D:1      | Esekla the Vampire Skald began the quest for the Orb.
     0 | D:1      | Reached XP level 1. HP: 16/16 MP: 3/3
   301 | D:1      | Reached XP level 2. HP: 22/22 MP: 5/5
   832 | D:2      | Reached skill level 1 in Armour
   913 | D:2      | Reached XP level 3. HP: 24/27 MP: 1/6
   917 | D:2      | Learned a level 2 spell: Shroud of Golubria
   920 | D:2      | Learned a level 2 spell: Song of Slaying
  1202 | D:2      | HP: 1/27 [adder (5)]
  1202 | D:2      | Slain by an adder

Levels and vault maps discovered:
D:1:      dpeg_arrival_simpleton_a, layout_basic, serial_park_tiny_2,
          serial_bayou_pond_e, dk_noncrumbling_3
D:2:      layout_basic, first_ration

Skill      XL: |  1  2 |
---------------+-------+-----
Fighting       | 2 |  2.2
Armour         | 1 |  1.5
Long Blades    | |  2.9
Dodging        | |  2.4
Spellcasting   | |  2.0
Charms         | |  3.2

Action                   || total
-------------------------++-------
Melee: Falchion          ||    97
       Bite              ||    11
 Cast: Infusion          ||     2
       Shroud of Golubri ||     3
  Use: Potion            ||     1
Armor: Leather armour    ||    28
Dodge: Dodged            ||    76
       Rpst.: Falchion   ||    23

Table legend:
 A = Non-vault XP
 B = Vault XP
 C = Vault XP percentage of total XP
 D = Non-vault monster count
 E = Vault monster count
 F = Vault count percentage of total count
                 A         B        C        D         E       F
            +---------+---------+-------+---------+---------+-------
      Total |      66 |       0 |   0.0 |      33 |       0 |   0.0
            +---------+---------+-------+---------+---------+-------
        D:1 |      31 |       0 |   0.0 |      22 |       0 |   0.0
        D:2 |      35 |       0 |   0.0 |      11 |       0 |   0.0
            +---------+---------+-------+---------+---------+-------
